 Seeded DCSS version 0.31-a0-219-g8d62b2e7bb (webtiles) character file.

Game seed: 13275427502194390118 (custom seed)

112 rocky1 the Chiller (level 4, -2/30 HPs)
             Began as a Merfolk Ice Elementalist on July 4, 2023.
             Slain by a cerulean imp
             ... wielding a +0 spear
             ... summoned by Natasha
              (4 damage)
             ... on level 1 of the Dungeon.
             The game lasted 00:04:50 (1568 turns).

rocky1 the Chiller (Merfolk Ice Elementalist)       Turns: 1568, Time: 00:04:51

Health: -2/30      AC:  2    Str: 14    XL:     4   Next: 93%
Magic:  8/8        EV: 12    Int: 16    God:
Gold:   20         SH:  0    Dex: 14    Spells: 8/9 levels left

rFire   + . .        f - +0 mace
rCold   + . .        (no shield)
rNeg    . . .        j - +0 robe {rC+ rF+}
rPois   .            (no helmet)
rElec   .            (no cloak)
rCorr   .            (no gloves)
SInv    .            (no boots)
Will    .....        (no amulet)
Stlth   ++           c - +6 ring of strength
HPRegen 0.25/turn    (no ring)
MPRegen 0.11/turn

%: no passive effects
@: no status effects
A: (nimble swimmer 2), mertail
a: no special abilities


You were on level 1 of the Dungeon.
You visited 1 branch of the dungeon, and saw 2 of its levels.

You collected 20 gold pieces.

Inventory:

Hand Weapons
 f - a +0 mace (weapon)
Missiles
 e - 4 javelins
 i - 3 boomerangs
 k - 6 poisoned darts
Armour
 a - a +0 robe
 j - a +0 robe of resistance (worn)
Jewellery
 c - a +6 ring of strength (left hand)
Scrolls
 d - a scroll of fog {unknown}
 g - a scroll of silence {unknown}
 h - a scroll of summoning {unknown}
 l - a scroll of fear {unknown}


   Skills:
 - Level 2.6 Dodging
 - Level 2.1 Stealth
 + Level 3.0 Spellcasting
 * Level 6.0 Ice Magic


You had 8 spell levels left.
You knew the following spells:

 Your Spells              Type           Power      Damage    Failure   Level
a - Freeze                Ice            84%        1d9       1%          1

Your spell library contained the following spells:

 Spells                   Type           Power      Damage    Failure   Level
 Frozen Ramparts          Ice            42%        1d7       4%          3
 Ozocubu's Armour         Ice            21%        N/A       4%          3
 Summon Ice Beast         Ice/Summ       12%        N/A       47%         4
 Metabolic Englaciation   Hex/Ice        6%         N/A       83%         5
 Simulacrum               Ice/Necr       6%         N/A       100%        6


Dungeon Overview and Level Annotations

Branches:
Dungeon (2/15)

Altars:
The Shining One

Shops:
D:1 :==[

Annotations:
D:1 Natasha


Innate Abilities, Weirdness & Mutations

((You are very nimble when in or above water. (Stealth+, EV+, Speed+++)))
Your lower body shifts to a powerful aquatic tail in water.


Message History

Your Spellcasting skill increases to level 3!
Your Ice Magic skill increases to level 6!
Unknown command.
You start resting.
Magic restored.
You see here the felid corpse of Natasha.
You start resting.
HP restored.
There is an entrance to Obocek's Jewellery Boutique here.
There is an entrance to Onlezats's Jewellery Emporium here.
Natasha, Servant of Life and Death comes into view.
She is carrying a wand of flame (2).
Natasha hisses angrily.
Natasha casts a spell.
Natasha mumbles some strange words.
The cerulean imp closely misses you.
There is an open door here.
You sock Natasha!
Natasha is heavily wounded.
Natasha zaps a wand.
The puff of flame hits you. You resist.
The cerulean imp hits you from afar with a +1 spear.
The cerulean imp closely misses you.
You hit Natasha.
Natasha is heavily wounded.
The cerulean imp hits you but does no damage.
Natasha barely misses you.
The cerulean imp hits you from afar with a +0 spear.
The cerulean imp barely misses you. Natasha closely misses you.
You closely miss Natasha.
Natasha is heavily wounded.
The cerulean imp barely misses you. The cerulean imp closely misses you.
Natasha claws you.
The cerulean imp hits you from afar with a +0 spear.
You hit Natasha but do no damage.
Natasha is heavily wounded.
The cerulean imp hits you from afar with a +1 spear.
* * * LOW HITPOINT WARNING * * *
Natasha claws you.
* * * LOW HITPOINT WARNING * * *
The cerulean imp hits you from afar with a +0 spear.
You die...

#...##......####....
###.........#...#.#.
####.#.#..#.....#.
#..........#..#.#.
#.######..........
#.# #.####.#### #.#
#.# #.# # #.###
#.####.## # #@#.#
#..>....# #
###h..####.####..# #
#.55⌠..'...# #..# #
###.⌠∩⌠.###.# #..###
#['.)⌠...##.# #.....
#.##...####.#####.###
#..#.#'###...........
##.###.##.#######.###
#.....#.## ##.##.


You could see Natasha and 2 cerulean imps.

Vanquished Creatures
  Jessica (D:2)
  Natasha (twice) (D:1)
  An adder (D:2)
  A dart slug (D:2)
  5 bats
  2 giant cockroaches
  2 goblins (D:1)
  A hobgoblin (D:1)
  2 jackals (D:2)
  3 kobolds
  2 quokkas
  2 ball pythons
  A frilled lizard (D:2)
  2 rats
27 creatures vanquished.

Notes
Turn   | Place    | Note
-------+----------+-------------------------------------------
     0 | D:1      | rocky1 the Merfolk Ice Elementalist began the quest for the
                  | Orb.
     0 | D:1      | Reached XP level 1. HP: 13/13 MP: 3/3
    11 | D:1      | Found Onlezats's Jewellery Emporium.
   338 | D:1      | Found Zyuqykanwy's Book Shop.
   468 | D:1      | Found Obocek's Jewellery Boutique.
   477 | D:1      | Reached XP level 2. HP: 18/19 MP: 3/5
   586 | D:1      | Found Saufiugh's Armour Emporium.
   698 | D:2      | Noticed Jessica
   889 | D:2      | Killed Jessica
   890 | D:2      | Reached skill level 5 in Ice Magic
   890 | D:2      | Reached XP level 3. HP: 20/24 MP: 1/6
  1021 | D:2      | Found a glowing golden altar of the Shining One.
  1053 | D:2      | Reached XP level 4. HP: 9/30 MP: 2/8
  1070 | D:2      | Noticed Natasha
  1265 | D:1      | Killed Natasha
  1318 | D:1      | Noticed Natasha
  1325 | D:1      | Killed Natasha
  1326 | D:1      | Reached skill level 6 in Ice Magic
  1561 | D:1      | Noticed Natasha
  1568 | D:1      | Slain by a cerulean imp

Illustrated notes

Levels and vault maps discovered:
D:1:      erik_arrival_blinker_ship, layout_loops_ring, serial_shops, shop,
          shop, shop, nicolae_shop_rolling_square
D:2:      layout_rooms, ebering_ecumenical_altar_hall, basic_altar,
          uniq_natasha, uniq_jessica

Skill      XL: |  1  2  3  4 |
---------------+-------------+-----
Ice Magic      | 5 6 |  6.0
Spellcasting   | 3 |  3.0
Dodging        | |  2.6
Stealth        | |  2.1

Action                     |  1- 3 |  4- 6 || total
---------------------------+-------+-------++-------
  Melee: Unarmed           |     1 |       ||     1
         Mace              |    19 |     4 ||    23
   Cast: Freeze            |    36 |    10 ||    46
    Use: Scroll            |     1 |       ||     1
         Potion            |       |     1 ||     1
 Armour: Robe              |    14 |     1 ||    15
  Dodge: Dodged            |    50 |    17 ||    67

Table legend: (Time is in decaauts)
 A = Elapsed time spent in this place.
 B = Non-inter-level travel time spent in this place.
 C = Inter-level travel time spent in this place.
 D = Time resting spent in this place.
 E = Time spent auto-exploring this place.
 F = Levels seen in this place.
 G = Mean time per level.
                   A        B        C        D        E       F      G
               +--------+--------+--------+--------+--------+-----+--------+
         Total |   1581 |   1521 |     60 |    479 |    500 |   2 |  790.5 |
       Dungeon |   1581 |   1521 |     60 |    479 |    500 |   2 |  790.5 |
               +--------+--------+--------+--------+--------+-----+--------+

Top non-repeatable levels by time:
     D:1: 1400 daAuts
     D:2: 180 daAuts
